 Dungeon Crawl Stone Soup version 0.31-a0-1291-g5386780bc2 (webtiles) character file.

Game seed: 974043836340605892

25 Nattfarinn the Changeling (level 2, 0/22 HPs)
             Began as a Demigod Shapeshifter on Dec 18, 2023.
             Succumbed to an adder's poison
             ... on level 2 of the Dungeon.
             The game lasted 00:01:08 (1172 turns).

Nattfarinn the Changeling (Demigod Shapeshifter)    Turns: 1172, Time: 00:01:08

Health: 0/22       AC:  2    Str: 15    XL:     2   Next: 63%
Magic:  4/4        EV: 12    Int: 12    God:
Gold:   87         SH:  0    Dex: 13    Spells: 1/1 levels left

rFire   . .          .
                       - Unarmed
rCold   . . .        (no shield)
rNeg    . . .        a - +0 animal skin
rPois   .            (helmet currently unavailable)
rElec   .            (cloak currently unavailable)
rCorr   .            (gloves currently unavailable)
SInv    .            (boots currently unavailable)
Will    .....        n - amulet of the acrobat
Stlth   +            (no ring)
HPRegen 0.23/turn    (no ring)
MPRegen 0.09/turn

%: acrobat
@: lethally poisoned (0 -> -5), beast-form
A: beast (slay +2), high MP 1, forlorn, divine attributes
a: Begin Untransformation


You were on level 2 of the Dungeon.
You were a hulking beast.
You visited 1 branch of the dungeon, and saw 2 of its levels.

You collected 87 gold pieces.

Inventory:

Armour
 a - a +0 animal skin (worn)
 l - a +0 pair of boots
Jewellery
 g - an amulet of guardian spirit
 n - an amulet of the acrobat (around neck)
Talismans
 c - a beast talisman
 d - a flux talisman
Scrolls
 e - a scroll of amnesia {unknown}
 f - a scroll of teleportation {unknown}
 i - 2 scrolls of identify {unknown}
 k - a scroll of fog {unknown}
Potions
 b - a potion of lignification
 h - a potion of attraction {unknown}
 j - a potion of curing {unknown}
 m - a potion of heal wounds {unknown}
 o - a potion of haste {unknown}
 p - a potion of ambrosia {unknown}


   Skills:
 - Level 0.8 Fighting
 - Level 1.7 Dodging
 - Level 2.6 Unarmed Combat
 + Level 3.6 Shapeshifting


You had one spell level left.
You didn't know any spells.
Your spell library was empty.

Dungeon Overview and Level Annotations

Branches:
Dungeon (2/15)

Shops:
D:1 (


Innate Abilities, Weirdness & Mutations

You are a hulking beast.
Your limbs bulge with bestial killing power. (Slay +2)
You have an increased reservoir of magic. (+10% MP)
You shall have no god before yourself.
Your divine heritage dramatically boosts your attributes as you level up.


Message History

You miss the adder.
The adder is heavily wounded.
You feel very sick. The adder bites you but does no damage.
You are too injured to fight recklessly!
You are too injured to fight recklessly!
You are too injured to fight recklessly!
You are too injured to fight recklessly!
You are too injured to fight recklessly!
You are too injured to fight recklessly!
You are too injured to fight recklessly!
You are too injured to fight recklessly!
You are too injured to fight recklessly!
You are too injured to fight recklessly!
You are too injured to fight recklessly!
You are too injured to fight recklessly!
You are too injured to fight recklessly!
You are too injured to fight recklessly!
You are too injured to fight recklessly!
You are too injured to fight recklessly!
You are too injured to fight recklessly!
You are too injured to fight recklessly!
You are too injured to fight recklessly!
Unknown command.
You hit the adder.
The adder is almost dead.
You feel sick. The adder bites you.
* * * LOW HITPOINT WARNING * * *
The adder misses you.
You barely miss the adder.
The adder is almost dead.
* * * LOW HITPOINT WARNING * * *
You feel sick. The adder barely misses you.
You miss the adder.
The adder is almost dead.
* * * LOW HITPOINT WARNING * * *
You feel sick. The adder barely misses you.
You closely miss the adder.
The adder is almost dead.
You die...

#.# #.....# #.#
#...... #.# .....# #.#
....# #.# #
####.#.#####.###
#....#.......##.
#######.##.........###
#....h................
#####S######.....##...
#grr#...#)##.....#.
[....+...).†..##..#†
[?#...#...#..........
######################


You could see an adder, a hobgoblin and 2 rats.

Vanquished Creatures
  2 bats (D:2)
  4 endoplasms
  A giant cockroach (D:1)
  A hobgoblin (D:2)
  2 jackals (D:2)
  3 ball pythons
  2 goblins (D:1)
  6 kobolds
  2 rats (D:1)
23 creatures vanquished.

Notes
Turn   | Place    | Note
-------+----------+-------------------------------------------
     0 | D:1      | Nattfarinn the Demigod Shapeshifter began the quest for the
                  | Orb.
     0 | D:1      | Reached XP level 1. HP: 15/15 MP: 3/3
   276 | D:1      | Found Xaifa's Antique Weapon Boutique.
   281 | D:1      | Reached skill level 3 in Shapeshifting
   492 | D:1      | Reached XP level 2. HP: 22/22 MP: 4/4
  1172 | D:2      | Succumbed to an adder's poison

Illustrated notes

Levels and vault maps discovered:
D:1:      elethiomel_arrival_infinity_welcomes_careful_drivers,
          layout_loops_ring, serial_shops, nicolae_shop_statue_plus
D:2:      minmay_thinvault, layout_loops_corners,
          shapermc_ecumenical_altar_mp_highgroup, minmay_misc_feat_alley,
          mrwooster_statue_mirror, minmay_tetromino_o2

Skill      XL: |  1 |
---------------+----+-----
Shapeshifting  | 3 |  3.6
Fighting       | |  0.8
Dodging        | |  1.7
Unarmed Combat | |  2.6

Action                     || total
---------------------------++-------
  Melee: Unarmed           ||    84
         Punch             ||     2
   Stab: Sleeping          ||     3
 Armour: Animal skin       ||    39
  Dodge: Dodged            ||    44

Table legend: (Time is in decaauts)
 A = Elapsed time spent in this place.
 B = Non-inter-level travel time spent in this place.
 C = Inter-level travel time spent in this place.
 D = Time resting spent in this place.
 E = Time spent auto-exploring this place.
 F = Levels seen in this place.
 G = Mean time per level.
                   A        B        C        D        E       F      G
               +--------+--------+--------+--------+--------+-----+--------+
         Total |   1168 |   1130 |     38 |     64 |    888 |   2 |  584.0 |
       Dungeon |   1168 |   1130 |     38 |     64 |    888 |   2 |  584.0 |
               +--------+--------+--------+--------+--------+-----+--------+

Top non-repeatable levels by time:
     D:1: 850 daAuts
     D:2: 317 daAuts
